[Event "Early-Titled-Tuesday-Blitz-October-17-2023"]
[Site "Chess.com"]
[Date "2023.10.17"]
[Round "6"]
[White "jeetjain"]
[Black "maracayo"]
[Result "0-1"]
[WhiteElo "2558"]
[BlackElo "2381"]
[TimeControl "180+1"]
[EndTime "9:07:17 PDT"]
[Termination "maracayo won by resignation"]

1. d4 d6 2. c4 Nf6 3. Nc3 e5 4. dxe5 dxe5 5. Qxd8+ Kxd8 6. Nf3 Nbd7 7. Bg5 c6 8. O-O-O Kc7 9. h3 Bb4 10. Bd2 a5 11. a3 Bxc3 12. Bxc3 Re8 13. g4 Ne4 14. Be1 f6 15. Nd2 Nec5 16. f3 a4 17. Bf2 b6 18.
h4 e4 19. Bg3+ Kb7 20. h5 e3 21. Nb1 Nb3+ 22. Kc2 Ndc5 23. Nc3 Be6 24. h6 g6 25. f4 Bxg4 26. Bg2 Bf5+ 27. Rd3 Rad8 28. Rd1 Nxd3 29. exd3 e2 0-1

[Event "Early-Titled-Tuesday-Blitz-October-17-2023"]
[Site "Chess.com"]
[Date "2023.10.17"]
[Round "6"]
[White "BrandonJiang123456"]
[Black "MerryPoppies"]
[Result "0-1"]
[WhiteElo "2254"]
[BlackElo "2142"]
[TimeControl "180+1"]
[EndTime "9:07:24 PDT"]
[Termination "MerryPoppies won by resignation"]

1. e4 e5 2. Nf3 Nc6 3. Bc4 Bc5 4. c3 Nf6 5. d3 d6 6. Bb3 O-O 7. Nbd2 a5 8. Nf1 Bg4 9. h3 Bxf3 10. Qxf3 a4 11.
Bc2 d5 12. Bg5 dxe4 13. dxe4 h6 14. Bxf6 Qxf6 15. Qxf6 gxf6 16. Ng3 Rfd8 17. Nh5 Bxf2+ 18. Kxf2 Rd2+ 19. Ke3 Rxc2 20. Nxf6+ Kg7 21. Nd5 a3 0-1

[Event "Early-Titled-Tuesday-Blitz-October-17-2023"]
[Site "Chess.com"]
[Date "2023.10.17"]
[Round "6"]
[White "alsdesdentao"]
[Black "garicradomir"]
[Result "1-0"]
[WhiteElo "2487"]
[BlackElo "2306"]
[TimeControl "180+1"]
[EndTime "9:07:25 PDT"]
[Termination "alsdesdentao won by resignation"]

1. Nf3 Nf6 2. b3 a5 3. Bb2 a4 4. b4 b6 5. e3 Bb7 6. a3 g6 7.
Be2 Bg7 8. O-O O-O 9. c4 d6 10. Nc3 Qd7 11. d4 Nc6 12. b5 Nd8 13. Nxa4 Ne4 14.
Nc3 Nxc3 15. Bxc3 c5 16. Qd2 Ne6 17. d5 Nc7 18. Bxg7 Kxg7 19. a4 Ra5 20. Qc3+ f6 21.
Ra3 Rfa8 22. Rfa1 Bc8 23. Nd2 Qf5 24. Bd3 Qg5 25. Nb3 Bh3 26. Bf1 h5 27. Nxa5 Rxa5 28. f4 Qg4 29. Kh1 h4 30. gxh3 Qf3+ 31. Bg2 Qh5 32. e4 Kf7 33. Qf3 Qh6 34. Qg4 Ne8 35. Qe6+ Kf8 36. Rf1 Ng7 37. Qc8+ Kf7 38. Qb8 g5 39. Qxb6 gxf4 40. Qxa5 Nh5 41. Raf3 Qg5 42.
Qd2 Qe5 43. Rxf4 1-0

[Event "Early-Titled-Tuesday-Blitz-October-17-2023"]
[Site "Chess.com"]
[Date "2023.10.17"]
[Round "6"]
[White "BelaKis"]
[Black "Masterbeaterr"]
[Result "1-0"]
[WhiteElo "2198"]
[BlackElo "2422"]
[TimeControl "180+1"]
[EndTime "9:07:43 PDT"]
[Termination "BelaKis won by checkmate"]

1. d4 d5 2. c4 dxc4 3. Nf3 Nf6 4. e3 e6 5. Bxc4 a6 6. a4 Nbd7 7. O-O c5 8. Nc3 cxd4 9. exd4 Qc7 10. Bd3 Bd6 11. Bb1 O-O 12. Qd3 h6 13. Ne4 Nxe4 14. Qxe4 Nf6 15. Qh4 Be7 16. Bxh6 gxh6 17. Qxh6 Bd7 18.
Re1 Rac8 19. Bd3 Qa5 20. Re5 Ng4 21. Qh7# 1-0

[Event "Early-Titled-Tuesday-Blitz-October-17-2023"]
[Site "Chess.com"]
[Date "2023.10.17"]
[Round "6"]
[White "noblerone"]
[Black "AsaHoffmann"]
[Result "1-0"]
[WhiteElo "2513"]
[BlackElo "2347"]
[TimeControl "180+1"]
[EndTime "9:07:53 PDT"]
[Termination "noblerone won by resignation"]

1. d4 Nf6 2. Nf3 d6 3. Bg5 Bf5 4. Nbd2 Nbd7 5. c3 c6 6. e3 e5 7. Qb3 Qb6 8. Nc4 Qc7 9. Be2 e4 10. Nfd2 d5 11. Na3 Qb6 12. Nc2 Be7 13. c4 O-O 14. c5 Qxb3 15. Nxb3 a5 16. a4 b6 17. cxb6 Nxb6 18. Nc5 Bxc5 19. dxc5 Nbd7 20. b4 axb4 21. Nxb4 Rfc8 22. O-O Nxc5 23. Bxf6 gxf6 24. Rac1 Nb3 25. Rxc6 Rxa4 26. Rxc8+ Bxc8 27. Nxd5 Be6 28. Nf4 Ra2 29. Nxe6 Rxe2 30. Nf4 Nc5 31. Nxe2 1-0

[Event "Early-Titled-Tuesday-Blitz-October-17-2023"]
[Site "Chess.com"]
[Date "2023.10.17"]
[Round "6"]
[White "VincentKeymer"]
[Black "Harry_Rakkel"]
[Result "1-0"]
[WhiteElo "3083"]
[BlackElo "2707"]
[TimeControl "180+1"]
[EndTime "9:08:13 PDT"]
[Termination "VincentKeymer won by resignation"]

1. Nf3 Nf6 2. c4 e6 3. Nc3 Bb4 4. Qc2 b6 5. a3 Bxc3 6. Qxc3 Bb7 7. b4 O-O 8. Bb2 d5 9. e3 Nbd7 10. cxd5 exd5 11. Be2 c5 12. O-O Rc8 13. bxc5 Nxc5 14.
Qb4 Re8 15. Rab1 Nfe4 16. d3 a5 17. Qe1 Nd6 18. Qc3 Nf5 19. Qd2 Ba6 20. Nd4 Qd7 21. h3 Na4 22. Bg4 g6 23. Ba1 Rc5 24. Rfd1 Rec8 25.
e4 h5 26. Bxf5 gxf5 27. Nxf5 f6 28. Qh6 1-0

[Event "Early-Titled-Tuesday-Blitz-October-17-2023"]
[Site "Chess.com"]
[Date "2023.10.17"]
[Round "6"]
[White "Laico"]
[Black "NelsonLinda"]
[Result "1-0"]
[WhiteElo "2457"]
[BlackElo "2589"]
[TimeControl "180+1"]
[EndTime "9:08:13 PDT"]
[Termination "Laico won by resignation"]

1. e4 c5 2. Nc3 e6 3. f4 a6 4.
g3 d5 5. Bg2 dxe4 6. Nxe4 Nf6 7. Qe2 Be7 8. Nf3 Nxe4 9. Qxe4 Nd7 10. O-O Nf6 11. Qe2 Qc7 12. Ne5 O-O 13. b3 Bd7 14. Bb2 Rfd8 15. Rae1 Bb5 16. d3 Bf8 17. Bh3 Nd7 18.
Nxf7 Re8 19. Bxe6 Nb6 20. Nd6+ Kh8 21. Nxe8 Rxe8 22. Qh5 Rxe6 23. Rxe6 Nc8 24. Rh6 Kg8 25. Rxh7 1-0

[Event "Early-Titled-Tuesday-Blitz-October-17-2023"]
[Site "Chess.com"]
[Date "2023.10.17"]
[Round "6"]
[White "santosalberto1987"]
[Black "amelia91"]
[Result "1-0"]
[WhiteElo "2438"]
[BlackElo "2173"]
[TimeControl "180+1"]
[EndTime "9:08:45 PDT"]
[Termination "santosalberto1987 won by resignation"]

1. e4 c5 2. Nf3 d6 3. Bb5+ Nc6 4. Bxc6+ bxc6 5. d3 Bg4 6. h3 Bxf3 7. Qxf3 g6 8. O-O Bg7 9. Nc3 e6 10. Qe2 Ne7 11. f4 O-O 12. g4 Qd7 13. Kh2 f5 14.
exf5 exf5 15. g5 Rfe8 16. Qf3 Rab8 17. Nd1 Rb4 18. a3 Rb7 19. Rb1 a5 20. Bd2 a4 21.
Bc3 Nd5 22. Bxg7 Qxg7 23. c4 Ne7 24. Nc3 Ra8 25. Rfe1 Nc8 26. Qxc6 Rb6 27. Qxa8 1-0

[Event "Early-Titled-Tuesday-Blitz-October-17-2023"]
[Site "Chess.com"]
[Date "2023.10.17"]
[Round "6"]
[White "Kostya0705"]
[Black "ural58"]
[Result "0-1"]
[WhiteElo "2631"]
[BlackElo "2544"]
[TimeControl "180+1"]
[EndTime "9:08:46 PDT"]
[Termination "ural58 won by resignation"]

1. e4 d5 2. exd5 Qxd5 3. Nc3 Qa5 4. Nf3 Nf6 5. d4 Nc6 6. Bc4 Bg4 7. Bd2 Qh5 8. d5 Ne5 9. Be2 Nxf3+ 10. gxf3 Bf5 11. Bb5+ Bd7 12. Bxd7+ Nxd7 13. Nb5 O-O-O 14. Nxa7+ Kb8 15. Be3 Nb6 16. Bxb6 cxb6 17. Nb5 Rxd5 18. Qe2 Re5 19. O-O-O Rxb5 20. Rd8+ Ka7 21. Qc4 g6 22. Qc8 Bh6+ 23. Kb1 Rxd8 24. Qxd8 Qe5 25. b3 Bg7 26.
Kc1 Rd5 0-1

[Event "Early-Titled-Tuesday-Blitz-October-17-2023"]
[Site "Chess.com"]
[Date "2023.10.17"]
[Round "6"]
[White "DrCeltic"]
[Black "djokovic74"]
[Result "0-1"]
[WhiteElo "2562"]
[BlackElo "2733"]
[TimeControl "180+1"]
[EndTime "9:08:47 PDT"]
[Termination "djokovic74 won by resignation"]

1. e4 e6 2. d4 d5 3. Nc3 dxe4 4. Nxe4 Bd7 5. Nf3 Bc6 6. Bd3 Nd7 7. Qe2 Ngf6 8. Ng3 Be7 9. Bd2 Bxf3 10. Qxf3 c6 11. O-O-O O-O 12. Kb1 a5 13. h4 a4 14. h5 Qb6 15.
Ne4 Nxe4 16. Bxe4 Nf6 17. h6 a3 18. b3 Qxd4 19. Bc3 Qxe4 20. hxg7 Rfd8 21. Qg3 Nd5 22. Be5 Qg6 23. Qf3 Bf6 24. Rde1 Bxe5 25. Rxe5 Nf6 26. Qe3 Ng4 0-1

[Event "Early-Titled-Tuesday-Blitz-October-17-2023"]
[Site "Chess.com"]
[Date "2023.10.17"]
[Round "6"]
[White "mishanick"]
[Black "vladislavkovalev"]
[Result "1-0"]
[WhiteElo "3020"]
[BlackElo "2869"]
[TimeControl "180+1"]
[EndTime "9:08:48 PDT"]
[Termination "mishanick won by resignation"]

1. d4 Nf6 2. c4 e6 3. Nc3 Bb4 4. e3 O-O 5. Bd3 d5 6. a3 Bxc3+ 7. bxc3 dxc4 8. Bxc4 c5 9. Ne2 Qc7 10. Qd3 Nc6 11.
e4 Rd8 12. Ba2 b6 13. O-O Bb7 14. f3 Rac8 15. Bg5 cxd4 16. cxd4 h6 17. Bxf6 gxf6 18. Qe3 Kg7 19. Kh1 Ba6 20. d5 Bxe2 21. Qxe2 Nd4 22.
Qf2 e5 23. f4 Nc2 24. Rac1 exf4 25. Bb1 Ne3 26. Rxc7 Rxc7 27. Qxf4 Nxf1 28. Qxc7 1-0

[Event "Early-Titled-Tuesday-Blitz-October-17-2023"]
[Site "Chess.com"]
[Date "2023.10.17"]
[Round "6"]
[White "WPWPWP-2015"]
[Black "stollenmonster"]
[Result "1-0"]
[WhiteElo "2569"]
[BlackElo "2796"]
[TimeControl "180+1"]
[EndTime "9:08:55 PDT"]
[Termination "WPWPWP-2015 won by resignation"]

1. e4 c5 2. Nf3 Nf6 3. Nc3 d5 4.
exd5 Nxd5 5. Bc4 Nb6 6. Bb5+ Bd7 7. Be2 Nc6 8. O-O e5 9. Re1 f6 10. d3 Be7 11. a4 Be6 12. a5 Nd5 13. a6 b6 14.
Nxd5 Qxd5 15. c3 Rd8 16. Qa4 O-O 17. Nd2 Qd7 18. Bf3 Bd5 19. Be4 f5 20. Bxd5+ Qxd5 21. Nf1 Na5 22. d4 cxd4 23. cxd4 e4 24. b4 Nc4 25. Ne3 Nxe3 26. fxe3 f4 27. exf4 Bf6 28. Be3 Bxd4 29. Bxd4 Qxd4+ 30. Kh1 Rxf4 31. Rad1 Rdf8 32. Qb3+ Kh8 33. g3 1-0

[Event "Early-Titled-Tuesday-Blitz-October-17-2023"]
[Site "Chess.com"]
[Date "2023.10.17"]
[Round "6"]
[White "GaiozNigalidze"]
[Black "Msb2"]
[Result "0-1"]
[WhiteElo "2708"]
[BlackElo "3058"]
[TimeControl "180+1"]
[EndTime "9:09:09 PDT"]
[Termination "Msb2 won by resignation"]

1. e4 e6 2. h4 d5 3. exd5 exd5 4. d3 Nf6 5. Bg5 Be7 6. Be2 h6 7. Bf4 O-O 8. Nh3 Bd6 9. Qd2 Re8 10. Nc3 Nc6 11.
Nb5 Bxf4 12. Qxf4 Qe7 13. O-O-O Qxe2 14. Nxc7 Bxh3 15. Nxe8 Rxe8 16. Rxh3 d4 17. Rf3 Nb4 18. Qd2 Nxa2+ 19. Kb1 Qxd2 20. Rxd2 Nb4 21. Rd1 Re2 22. c3 dxc3 23. bxc3 Nbd5 24. Rc1 a5 25. Rc2 Re1+ 26. Ka2 b5 27. Rf5 b4 28. c4 a4 0-1

[Event "Early-Titled-Tuesday-Blitz-October-17-2023"]
[Site "Chess.com"]
[Date "2023.10.17"]
[Round "6"]
[White "Fonsofan"]
[Black "Aash20"]
[Result "1-0"]
[WhiteElo "2680"]
[BlackElo "2542"]
[TimeControl "180+1"]
[EndTime "9:09:09 PDT"]
[Termination "Fonsofan won by resignation"]

1. Nf3 d5 2. c4 c6 3. e3 Nf6 4.
b3 g6 5. Bb2 Bg7 6. d4 O-O 7.
Nbd2 Bg4 8. Bd3 Bxf3 9. Nxf3 Ne4 10. O-O Nd7 11. b4 Ndf6 12. Qb3 e6 13. Rfc1 Nd7 14.
a4 Ng5 15. Nd2 Nf6 16. b5 Nge4 17. Nf3 Ng4 18. Rc2 Rb8 19. Ba3 Re8 20. h3 Ngf6 21. Rb1 dxc4 22. Bxc4 cxb5 23. Bxb5 Nd7 24. Rbc1 a6 25.
Bxd7 Qxd7 26. Rc7 Qd5 27. Qxd5 exd5 28. a5 Bf8 29. Bxf8 Rxf8 30. Ne5 Nd6 31. Nd7 Rfd8 32. Nxb8 Rxb8 33. Rd7 Nc4 34. Rxd5 b5 35. axb6 Nxb6 36. Rb1 1-0

[Event "Early-Titled-Tuesday-Blitz-October-17-2023"]
[Site "Chess.com"]
[Date "2023.10.17"]
[Round "6"]
[White "falzehope0"]
[Black "Langua_Chess"]
[Result "0-1"]
[WhiteElo "2330"]
[BlackElo "2500"]
[TimeControl "180+1"]
[EndTime "9:09:10 PDT"]
[Termination "Langua_Chess won by resignation"]

1. d4 d5 2. e3 c5 3. c3 b6 4.
f4 Nh6 5. Nf3 Bg4 6. Bb5+ Nd7 7.
Qa4 Bxf3 8. gxf3 e6 9. O-O Bd6 10. e4 dxe4 11. Bc6 Rc8 12. fxe4 Ke7 13. f5 exf5 14. e5 Bb8 15. Bxh6 gxh6 16. Rxf5 Rg8+ 17.
Kh1 Nxe5 18. dxe5 Rxc6 19. Na3 Qd5+ 0-1

[Event "Early-Titled-Tuesday-Blitz-October-17-2023"]
[Site "Chess.com"]
[Date "2023.10.17"]
[Round "6"]
[White "wadsy27"]
[Black "DanyKopy"]
[Result "1-0"]
[WhiteElo "2659"]
[BlackElo "2532"]
[TimeControl "180+1"]
[EndTime "9:09:11 PDT"]
[Termination "wadsy27 won by resignation"]

1. Nf3 Nf6 2. g3 g6 3. Bg2 Bg7 4. O-O O-O 5. c4 c6 6. b3 Ne4 7.
d4 d5 8. Bb2 dxc4 9. bxc4 c5 10. Qc2 Bf5 11. g4 Ng3 12. gxf5 Nxf1 13. fxg6 hxg6 14.
Kxf1 cxd4 15. Nbd2 Nc6 16. h4 Qb6 17. Rb1 Rad8 18. h5 d3 19. exd3 Nb4 20. Qd1 Nxd3 21. Bd4 Qd6 22. Bxg7 Kxg7 23. Qe2 b6 24. Ne4 Qe6 25.
Nfg5 Qxc4 26. hxg6 fxg6 27. Kg1 Qd4 28. Ne6+ 1-0

[Event "Early-Titled-Tuesday-Blitz-October-17-2023"]
[Site "Chess.com"]
[Date "2023.10.17"]
[Round "6"]
[White "Hasangatin_Ramil"]
[Black "tusplingher"]
[Result "1-0"]
[WhiteElo "2726"]
[BlackElo "2508"]
[TimeControl "180+1"]
[EndTime "9:09:13 PDT"]
[Termination "Hasangatin_Ramil won by checkmate"]

1. e4 c5 2. Nf3 d6 3. d4 cxd4 4. Qxd4 Nc6 5. Bb5 a6 6. Bxc6+ bxc6 7. c4 e5 8. Qd3 Nf6 9. Bg5 Be7 10. Bxf6 Bxf6 11.
Nc3 O-O 12. Rd1 Be7 13. c5 dxc5 14. Qxd8 Bxd8 15. Nxe5 Bf6 16. Nxc6 Bb7 17. Na5 Bxc3+ 18. bxc3 Bxe4 19. f3 Bf5 20. Kf2 Be6 21. Rd2 Rfc8 22.
Rhd1 Kf8 23. Ke3 Rab8 24. c4 Rb4 25. Rd8+ Ke7 26. Rxc8 Ra4 27. Nc6+ Kf6 28. Rc7 Rxa2 29. Rd2 Ra3+ 30. Kf2 Rc3 31. Nd8 Rxc4 32. Nxe6 fxe6 33.
Rc6 a5 34. Rdd6 a4 35. Rxe6+ Kf7 36. Re3 Rc2+ 37. Re2 Rc3 38. Rb2 h6 39. Rb7+ Kg8 40. Rcc7 a3 41. Rxg7+ Kf8 42. Rh7 Kg8 43. Rhd7 Rc2+ 44.
Kg3 a2 45. Rd8# 1-0

[Event "Early-Titled-Tuesday-Blitz-October-17-2023"]
[Site "Chess.com"]
[Date "2023.10.17"]
[Round "6"]
[White "emeli_chess"]
[Black "Mikhail_Golubev"]
[Result "0-1"]
[WhiteElo "2408"]
[BlackElo "2580"]
[TimeControl "180+1"]
[EndTime "9:09:13 PDT"]
[Termination "Mikhail_Golubev won by resignation"]

1. d4 Nf6 2. c4 g6 3. Nc3 Bg7 4. e4 d6 5. f3 O-O 6. Be3 a6 7. Nge2 b5 8. Qd2 Nbd7 9. Bh6 Bxh6 10. Qxh6 b4 11. Nd5 c5 12. h4 e5 13. h5 cxd4 14. hxg6 fxg6 15. g4 Rf7 16. g5 Nxd5 17. cxd5 Nc5 18.
O-O-O Raa7 19. Bh3 Rxf3 20. Bxc8 Qxc8 21. Kb1 Nxe4 22. Rh4 Re3 23. Rdh1 Qf5 24. Ka1 Rxe2 25. Qxh7+ Rxh7 26. Rxh7 Re1+ 0-1

[Event "Early-Titled-Tuesday-Blitz-October-17-2023"]
[Site "Chess.com"]
[Date "2023.10.17"]
[Round "6"]
[White "Herman-NY"]
[Black "jk13"]
[Result "0-1"]
[WhiteElo "2541"]
[BlackElo "2677"]
[TimeControl "180+1"]
[EndTime "9:09:15 PDT"]
[Termination "jk13 won by resignation"]

1. e4 e5 2. Nf3 Nc6 3. Bb5 a6 4. Ba4 Nf6 5. O-O b5 6. Bb3 Bc5 7. d3 d6 8. c3 h6 9. a4 Rb8 10. axb5 axb5 11. h3 O-O 12. Nbd2 Bb6 13. Re1 Ne7 14.
d4 Ng6 15. Nf1 Re8 16. Ng3 Bb7 17. d5 c6 18. dxc6 Bxc6 19. Be3 Bxe3 20. Rxe3 Nf4 21. Qd2 Qc7 22. Rd1 Rbd8 23. Qe1 g6 24. Kh2 Kg7 25. Nf1 d5 26. exd5 N4xd5 27. Rxe5 Nd7 0-1

[Event "Early-Titled-Tuesday-Blitz-October-17-2023"]
[Site "Chess.com"]
[Date "2023.10.17"]
[Round "6"]
[White "MdSharifHossain"]
[Black "crazy_m_attack"]
[Result "0-1"]
[WhiteElo "2204"]
[BlackElo "2441"]
[TimeControl "180+1"]
[EndTime "9:09:19 PDT"]
[Termination "crazy_m_attack won by resignation"]

1. e4 e5 2. Nf3 Nc6 3. Bb5 a6 4.
Ba4 Nf6 5. O-O Be7 6. Re1 b5 7. Bb3 O-O 8. h3 Bb7 9. d3 d6 10. c3 Na5 11. Bc2 c5 12. Nbd2 Nc6 13. Nf1 Re8 14. Ne3 g6 15. b3 d5 16. Qe2 dxe4 17. dxe4 b4 18. Rd1 Qc7 19. Nd5 Nxd5 20. exd5 Na7 21. c4 Nc8 22. Bb2 f6 23. Nd2 Nd6 24. f3 Bf8 25. Ne4 Bg7 26. Nxd6 Qxd6 27. Re1 a5 28.
Qf2 Re7 29. Re2 f5 30. Qg3 Rae8 31. Rae1 Ba6 32. a4 Bb7 33. Kh1 Bc8 34. Qxg6 hxg6 0-1

[Event "Early-Titled-Tuesday-Blitz-October-17-2023"]
[Site "Chess.com"]
[Date "2023.10.17"]
[Round "6"]
[White "DTChess"]
[Black "kritipatel"]
[Result "1-0"]
[WhiteElo "2582"]
[BlackElo "2133"]
[TimeControl "180+1"]
[EndTime "9:09:21 PDT"]
[Termination "DTChess won by resignation"]

1. e4 e5 2. Nf3 Nc6 3. Bc4 Nf6 4. d3 Bc5 5. Nc3 d6 6. h3 h6 7. Bb3 O-O 8. Be3 Bb6 9. Qd2 Be6 10.
g4 Kh7 11. g5 Ng8 12. O-O-O Bxb3 13. axb3 f5 14. g6+ Kh8 15. exf5 Rxf5 16. Nh2 Bxe3 17. fxe3 Rg5 18. Rhg1 Qf6 19. Ne4 Qxg6 20. Nxg5 hxg5 21. e4 Nd4 22. Rxg5 Qh6 23. Rdg1 Rf8 24. Kb1 Rf7 25. Qg2 Nf6 26. Nf3 Nxf3 27. Qxf3 Kg8 28. Rf5 Kf8 29. Qf2 Ke7 30. Qxa7 Qxh3 31. Qxb7 Ke6 32. Qc8+ Nd7 33. Qe8+ Re7 34. Qg8+ 1-0

[Event "Early-Titled-Tuesday-Blitz-October-17-2023"]
[Site "Chess.com"]
[Date "2023.10.17"]
[Round "6"]
[White "Resignify"]
[Black "CristianS27"]
[Result "0-1"]
[WhiteElo "2354"]
[BlackElo "2514"]
[TimeControl "180+1"]
[EndTime "9:09:23 PDT"]
[Termination "CristianS27 won on time"]

1. e4 e5 2. Nf3 Nc6 3. Bb5 a6 4. Ba4 Nf6 5. O-O Nxe4 6. d4 b5 7. Bb3 d5 8. dxe5 Be6 9. c3 Bc5 10. Nbd2 O-O 11. Nxe4 dxe4 12. Bxe6 fxe6 13. Qxd8 Raxd8 14. Ng5 Rxf2 15. Nxe4 Rxf1+ 16. Kxf1 Bb6 17. Bf4 Rf8 18.
g3 Nxe5 19. Ke2 Nc4 20. b3 e5 21. Bg5 Nd6 22. Nxd6 Rf2+ 23. Kd3 cxd6 24. Be3 Rf3 25.
Re1 Kf7 26. Ke4 Rxe3+ 27. Rxe3 Bxe3 28. Kxe3 Ke6 29. c4 bxc4 30. bxc4 d5 31. Kd3 dxc4+ 32.
Kxc4 Kf5 0-1

[Event "Early-Titled-Tuesday-Blitz-October-17-2023"]
[Site "Chess.com"]
[Date "2023.10.17"]
[Round "6"]
[White "Alexander_Donchenko"]
[Black "GP9isback23"]
[Result "1-0"]
[WhiteElo "2881"]
[BlackElo "2667"]
[TimeControl "180+1"]
[EndTime "9:09:24 PDT"]
[Termination "Alexander_Donchenko won on time"]

1. Nf3 Nf6 2. g3 b6 3. Bg2 Bb7 4. O-O e6 5. c4 Be7 6. d4 O-O 7. Re1 d5 8. cxd5 exd5 9. Nc3 Nbd7 10. Bf4 Ne4 11. Qc2 Bd6 12. Bxd6 cxd6 13. Rac1 Ndf6 14.
Nd2 Rc8 15. Ndxe4 dxe4 16. Qa4 a6 17. Qb3 Re8 18. e3 d5 19. a4 Bc6 20. Bh3 Bd7 21. Bf1 Ra8 22. Nxd5 Nxd5 23. Qxd5 Bxa4 24. Qxd8 Rexd8 25. Ra1 Bb5 26. Bxb5 axb5 27. Rec1 g6 28. Kf1 Rxa1 29.
Rxa1 Rc8 30. Ra3 Rc2 31. Rb3 Rc1+ 32. Kg2 Rc6 33. Rxb5 f5 34. Rd5 Kf7 35. Rd7+ Kf6 36. Rb7 h6 37. h4 1-0

[Event "Early-Titled-Tuesday-Blitz-October-17-2023"]
[Site "Chess.com"]
[Date "2023.10.17"]
[Round "6"]
[White "ckgchess"]
[Black "Aygehovit1992"]
[Result "0-1"]
[WhiteElo "2882"]
[BlackElo "2711"]
[TimeControl "180+1"]
[EndTime "9:09:25 PDT"]
[Termination "Aygehovit1992 won by resignation"]

1. e4 c5 2. c3 d5 3. exd5 Qxd5 4. d4 Nf6 5. Nf3 e6 6. Na3 a6 7.
Nc4 Nbd7 8. Be2 b5 9. Ne3 Qc6 10.
O-O Bb7 11. a4 Bd6 12. axb5 axb5 13. Rxa8+ Bxa8 14. dxc5 Bxc5 15. Qb3 O-O 16. Bxb5 Qc7 17. Be2 Ne4 18. Rd1 Ndf6 19. Qc2 Nxf2 20. Kxf2 Ng4+ 21. Kf1 Bxe3 22. h3 Qg3 23. Bd3 Bxf3 24. hxg4 Bxd1 25. Qxd1 Qf4+ 26. Ke2 Bxc1 27. Qc2 g6 28. b4 Qxg4+ 29. Kf1 Rd8 30. Be2 Qf4+ 31. Bf3 Qe3 32. b5 Rd2 0-1

[Event "Early-Titled-Tuesday-Blitz-October-17-2023"]
[Site "Chess.com"]
[Date "2023.10.17"]
[Round "6"]
[White "guillembaches"]
[Black "destruyeabuelitas"]
[Result "1-0"]
[WhiteElo "2515"]
[BlackElo "2356"]
[TimeControl "180+1"]
[EndTime "9:09:25 PDT"]
[Termination "guillembaches won by resignation"]

1. d4 Nf6 2. Nf3 g6 3. Bg5 Bg7 4. Nbd2 c5 5. e3 b6 6. c3 Bb7 7. Bd3 O-O 8. O-O d6 9. h3 Nbd7 10.
a4 a6 11. b4 cxb4 12. cxb4 Rc8 13.
Qb3 Bd5 14. Qb2 a5 15. Rfc1 Rxc1+ 16. Rxc1 Qb8 17. Bb5 Rc8 18. Bxd7 Nxd7 19. Rxc8+ Qxc8 20. Bxe7 axb4 21. Qxb4 Qc1+ 22. Kh2 Bxf3 23. Nxf3 Qf1 24.
Qxd6 Nf8 25. Bh4 Qa6 26. Bg3 h6 27. Be5 Ne6 28. d5 Nc5 29. Qd8+ Kh7 30. Bxg7 Kxg7 31.
d6 Qxa4 32. Qxb6 Nd7 33. Qd4+ Kh7 34. Qxa4 1-0

[Event "Early-Titled-Tuesday-Blitz-October-17-2023"]
[Site "Chess.com"]
[Date "2023.10.17"]
[Round "6"]
[White "Emp3rador"]
[Black "whiteglovethief"]
[Result "1-0"]
[WhiteElo "2556"]
[BlackElo "2661"]
[TimeControl "180+1"]
[EndTime "9:09:32 PDT"]
[Termination "Emp3rador won by resignation"]

1. e4 e6 2. d4 d5 3. exd5 exd5 4. Bd3 Bd6 5. Ne2 Ne7 6. Bf4 O-O 7. O-O Bf5 8. h3 Nbc6 9. c3 Qd7 10. Qc2 Bg6 11.
Nd2 Rad8 12. Rfe1 Rfe8 13. Nf3 Nc8 14. Bg5 Be7 15. Nf4 Bxd3 16. Nxd3 Bxg5 17. Nc5 Qd6 18. Nxg5 Qh6 19. Nf3 Nd6 20. Qb3 Qh5 21. Nxb7 Rxe1+ 22. Rxe1 Rb8 23. Nxd6 f6 24. Qa4 1-0

[Event "Early-Titled-Tuesday-Blitz-October-17-2023"]
[Site "Chess.com"]
[Date "2023.10.17"]
[Round "6"]
[White "MidnightFox"]
[Black "Felix-Rose"]
[Result "1-0"]
[WhiteElo "2482"]
[BlackElo "2316"]
[TimeControl "180+1"]
[EndTime "9:09:32 PDT"]
[Termination "MidnightFox won on time"]

1. d4 Nf6 2. c4 e6 3. g3 d5 4.
Bg2 dxc4 5. Nf3 a6 6. O-O Nc6 7. e3 Bd7 8. Qe2 Bd6 9. Qxc4 Rb8 10. Rd1 O-O 11. Nc3 Qe7 12. b3 e5 13. Bb2 exd4 14. exd4 Ba3 15. Bxa3 Qxa3 16. d5 b5 17. Qf4 Ne7 18.
Qxc7 Rbc8 19. Qe5 Ng6 20. Qd4 Bg4 21. h3 Bxf3 22. Bxf3 Rfd8 23. Rac1 Qb2 24. Qd2 Qxd2 25. Rxd2 1-0

[Event "Early-Titled-Tuesday-Blitz-October-17-2023"]
[Site "Chess.com"]
[Date "2023.10.17"]
[Round "6"]
[White "borocotoajua"]
[Black "Kostukov_Alex"]
[Result "1-0"]
[WhiteElo "2594"]
[BlackElo "2377"]
[TimeControl "180+1"]
[EndTime "9:09:33 PDT"]
[Termination "borocotoajua won by resignation"]

1. d4 g6 2. Nf3 Bg7 3. c4 d6 4. g3 e5 5. Bg2 exd4 6. Nxd4 Ne7 7. Nc3 Nbc6 8. Nxc6 bxc6 9. O-O O-O 10. Be3 Rb8 11. Rb1 Bf5 12. Bxa7 Rb7 13. e4 Rxa7 14.
exf5 Nxf5 15. Na4 c5 16. Re1 h5 17. Be4 Nd4 18. b3 Re8 19. Nc3 h4 20. a4 Qg5 21.
Bg2 hxg3 22. Rxe8+ 1-0

[Event "Early-Titled-Tuesday-Blitz-October-17-2023"]
[Site "Chess.com"]
[Date "2023.10.17"]
[Round "6"]
[White "Ishowmoves57"]
[Black "tarno17"]
[Result "1-0"]
[WhiteElo "2221"]
[BlackElo "2122"]
[TimeControl "180+1"]
[EndTime "9:09:34 PDT"]
[Termination "Ishowmoves57 won by resignation"]

1. e4 c5 2. Nf3 e6 3. b3 d5 4.
exd5 Qxd5 5. Bc4 Qd6 6. O-O Nf6 7. Bb2 Nc6 8. d4 cxd4 9. Nxd4 Be7 10. Nxc6 bxc6 11.
Qxd6 Bxd6 12. Rd1 Ke7 13. Nd2 Bb7 14. Nf3 Rhg8 15. Rd2 Ne4 16. Re2 Nf6 17. Rd1 Rad8 18. Rxd6 Rxd6 19. Ba3 Rd8 20. Kf1 Ke8 21. Bxd6 Rxd6 22.
Rd2 Ke7 23. Ke2 Rxd2+ 24. Nxd2 c5 25. f3 Kd6 26. Ke3 a5 27. Bd3 h6 28. Nc4+ Kd7 29.
Nxa5 Nd5+ 30. Kd2 Ba8 31. Nc4 Nb4 32. Nb6+ Kc6 33. Nxa8 Kb7 34. Be4+ Nd5 35. c4 f5 36. cxd5 fxe4 37. dxe6 Kc6 38. fxe4 Kd6 39. Nb6 Kxe6 40. Nc4 g5 41. a4 1-0

[Event "Early-Titled-Tuesday-Blitz-October-17-2023"]
[Site "Chess.com"]
[Date "2023.10.17"]
[Round "6"]
[White "Yeremyan_ChessMate"]
[Black "Gravity_Chess"]
[Result "1-0"]
[WhiteElo "2741"]
[BlackElo "2849"]
[TimeControl "180+1"]
[EndTime "9:09:37 PDT"]
[Termination "Yeremyan_ChessMate won on time"]

1. e4 c5 2. Nc3 e6 3. Nf3 Nc6 4.
g3 g6 5. Bg2 Bg7 6. O-O Nge7 7.
d4 Nxd4 8. Nxd4 cxd4 9. Nb5 Qb6 10. a4 a6 11. Na3 O-O 12. Nc4 Qc7 13. b3 Nc6 14. Ba3 Re8 15. Bd6 Qd8 16. e5 b6 17. b4 Bb7 18. b5 axb5 19. axb5 Rxa1 20. Qxa1 Na5 21. Nxa5 Bxg2 22. Kxg2 bxa5 23. Qxd4 f6 24.
b6 Qa8+ 25. Kg1 fxe5 26. Qa4 Qb7 27. Qxa5 e4 28. Qa7 Qc6 29. Qc7 Qxc7 30. bxc7 Rc8 31.
Rb1 1-0

[Event "Early-Titled-Tuesday-Blitz-October-17-2023"]
[Site "Chess.com"]
[Date "2023.10.17"]
[Round "6"]
[White "balachess2006"]
[Black "Witik"]
[Result "0-1"]
[WhiteElo "2617"]
[BlackElo "2817"]
[TimeControl "180+1"]
[EndTime "9:09:37 PDT"]
[Termination "Witik won by resignation"]

1. Nf3 Nf6 2. c4 g6 3. d4 Bg7 4.
g3 c6 5. Bg2 d5 6. Qb3 O-O 7. Nc3 Qb6 8. Qxb6 axb6 9. cxd5 Nxd5 10. Nxd5 cxd5 11. Bd2 Nc6 12. e3 Bf5 13. Nh4 Bd3 14.
Bxd5 e5 15. Bxc6 bxc6 16. Nf3 exd4 17. exd4 c5 18. Be3 Be4 19. Ke2 cxd4 20. Bf4 Rfe8 21. Rhe1 Bb7+ 0-1